 Dungeon Crawl Stone Soup version 0.29-a0-515-g7c1fb6cc08 (webtiles) character file.

Game seed: 18232679592506111809

1417 Bruhh the Ogre Mage (level 8, -6/67 HPs)
             Began as an Ogre Air Elementalist on May 30, 2022.
             Was an Initiate of Hepliaklqana.
             Mangled by a black bear (8 damage)
             ... on level 6 of the Dungeon.
             The game lasted 00:12:20 (8397 turns).

Bruhh the Ogre Mage (Ogre Air Elementalist)         Turns: 8397, Time: 00:12:21

Health: -6/67      AC:  3    Str: 13    XL:     8   Next: 71%
Magic:  16/20      EV:  9    Int: 18    God:    Hepliaklqana [......]
Gold:   421        SH:  0    Dex:  9    Spells: 14/24 levels left

rFire   . . .      SeeInvis .   w - +0 morningstar (vorpal)
rCold   . . .      Faith    .   (no shield)
rNeg    . . .      Spirit   .   a - +0 robe
rPois   .          Reflect  .   (helmet restricted)
rElec   .          Harm     .   (no cloak)
rCorr   .          Rampage  .   (gloves unavailable)
Will    .....                   (boots unavailable)
Stlth   +.........              e - amulet of regeneration
HPRegen 1.01/turn               (no ring)
MPRegen 0.17/turn               (no ring)

@: swift, hasted, very quick
A: large, unfitting armour, tough skin 1
a: Renounce Religion


You were on level 6 of the Dungeon.
You worshipped Hepliaklqana.
Hepliaklqana was noncommittal.
You visited 2 branches of the dungeon, and saw 8 of its levels.
You also visited: Sewer.

You collected 421 gold pieces.

Inventory:

Hand Weapons
 p - a +0 mace of protection
 w - a +0 vorpal morningstar (weapon)
Missiles
 o - 2 throwing nets
 q - 2 poisoned darts
Armour
 a - a +0 robe (worn)
Jewellery
 e - an amulet of regeneration (around neck)
 n - a ring of fire
 x - a +6 ring of strength
Wands
 s - a wand of flame (10)
 B - a wand of iceblast (6)
 C - a wand of polymorph (16)
 H - a wand of acid (12)
Scrolls
 d - a scroll of fog
 g - 2 scrolls of vulnerability
 i - a scroll of enchant armour
 j - 3 scrolls of poison
 k - 3 scrolls of enchant weapon
 l - 4 scrolls of fear
 u - 2 scrolls of magic mapping
 v - a scroll of noise {unknown}
 y - a scroll of teleportation
Potions
 b - 4 potions of magic
 c - a potion of attraction
 f - a potion of brilliance {unknown}
 h - 2 potions of curing
 m - a potion of haste
 r - a potion of invisibility {unknown}
 t - a potion of ambrosia {unknown}
 z - 2 potions of cancellation {unknown}
 A - 4 potions of flight
 D - 2 potions of mutation {unknown}
 E - a potion of might {unknown}
 F - a potion of berserk rage {unknown}
 G - a potion of heal wounds {unknown}


   Skills:
 - Level 1.7 Dodging
 - Level 1.4 Stealth
 + Level 8.5 Spellcasting
 - Level 4.0 Conjurations
 + Level 5.9 Air Magic


You had 14 spell levels left.
You knew the following spells:

 Your Spells              Type           Power      Damage    Failure   Level
a - Shock                 Conj/Air       100%       1d9       1%          1
b - Static Discharge      Conj/Air       25%        N/A       1%          2
c - Swiftness             Air            29%        N/A       2%          3
d - Airstrike             Air            14%        N/A       8%          4

Your spell library contained the following spells:

 Spells                   Type           Power      Damage    Failure   Level
 Sublimation of Blood     Necr           7%         N/A       14%         2
 Petrify                  Tmut/Erth      7%         N/A       67%         4
 Irradiate                Conj/Tmut      7%         3d15      75%         5


Dungeon Overview and Level Annotations

Branches:
Dungeon (7/15)             Temple (1/1) D:6           Sewer (visited)

Altars:
Ashenzari
Cheibriados
Dithmenos
Elyvilon
Fedhas
Gozag
Hepliaklqana
Makhleb
Nemelex Xobeh
Okawaru
Qazlal
Ru
Sif Muna
Trog
Vehumet
Wu Jian
Yredelemnul
Zin
The Shining One

Shops:
D:4 *?*

Annotations:
D:3 1 runed translucent door, Crazy Yiuf
D:6 Menkaure
D:7 Joseph, Maggie, Pikel


Innate Abilities, Weirdness & Mutations

You are too large for most types of armour.
You have tough skin. (AC +1)


Message History

Menkaure, Prince of Dust comes into view.
The zap hits the black bear.
The black bear is lightly wounded.
The zap hits the black bear.
The black bear is moderately wounded.
Joseph, a Mercenary comes into view.
He is wielding a +0 quarterstaff.
An iguana comes into view.
The black bear bites you but does no damage.
The black bear barely misses you. The black bear closely misses you.
Menkaure hits you.
The black bear attacks as you move away!
The black bear barely misses you. x2; The black bear claws you.
Found a scroll of fear.
Joseph shouts!
The iguana hisses angrily.
Menkaure calls on the powers of darkness!
The black bear convulses!
Your body is wracked with pain!
Joseph convulses!
The iguana convulses!
There is a stone staircase leading up here.
Casting: Shock (safe; 1% risk of failure)
Confirm with . or Enter, or press ? or * to list all spells.
You feel quick.
The black bear bites you but does no damage.
The black bear claws you but does no damage.
The black bear claws you.
Menkaure's bandages flutter.
Menkaure hits you!
* * * LOW HITPOINT WARNING * * *
Unknown command.
The black bear closely misses you. The black bear claws you.
* * * LOW HITPOINT WARNING * * *
The black bear claws you.
* * * LOW HITPOINT WARNING * * *
You climb upwards.
There is a stone staircase leading down here.
Unknown command.
Okay, then.
It was a potion of haste.
You feel yourself speed up. Menkaure hits you!
* * * LOW HITPOINT WARNING * * *
The black bear bites you!
You die...

#...##..............
#...#####.....#.##.. #...#
#..#...#.##..
###.####..#...#.##..
#.........#####.##..
#.#.####..# #.##..
#.#.####..# #.##..
######..h......#####.##..
#.......@M..............#
#........##..........##..
#.####...##.#............ #.#
#........#####..###.
#####.####...##.#.#####....#.
#.....................##.#.##
#.########.#.##.#.....##...##
####.#
#....#.##.#.....#######
#....# ####.#.##.......#


You could see a black bear and Menkaure.

Vanquished Creatures
  Grinder (D:3)
  A water moccasin (D:7)
  An ice beast (D:6)
  A black bear (D:5)
  A phantom (D:5)
  2 necrophages
  2 scorpions
  2 hounds
  An iguana (D:6)
  2 orc priests
  A gnoll shaman (D:4)
  2 jellies
  A merfolk siren (Sewer)
  An orc wizard (D:5)
  A merfolk avatar (Sewer)
  Robin (D:3)
  3 gnolls
  2 river rats (Sewer)
  11 adders
  2 ufetubi (D:5)
  A worm (D:5)
  5 dart slugs
  13 orcs
  12 ball pythons
  5 endoplasms
  4 giant cockroaches
  15 goblins
  11 hobgoblins
  3 jackals (D:1)
  8 quokkas
  4 bats
  5 frilled lizards
  6 kobolds
  27 rats
158 creatures vanquished.

Notes
Turn   | Place    | Note
-------+----------+-------------------------------------------
     0 | D:1      | Bruhh the Ogre Air Elementalist began the quest for the
                  | Orb.
     0 | D:1      | Reached XP level 1. HP: 16/16 MP: 3/3
   269 | D:1      | Found a faded altar of an unknown god.
   303 | D:1      | Reached XP level 2. HP: 21/24 MP: 3/5
   386 | D:1      | Reached skill level 3 in Spellcasting
   741 | D:1      | Reached XP level 3. HP: 31/31 MP: 2/7
  1819 | D:2      | Learned a level 2 spell: Static Discharge
  1993 | D:2      | Found a snail-covered altar of Cheibriados.
  2050 | D:2      | Reached XP level 4. HP: 39/39 MP: 5/9
  2491 | D:3      | Reached skill level 4 in Spellcasting
  2551 | D:3      | Reached skill level 1 in Conjurations
  2729 | D:2      | Reached XP level 5. HP: 23/45 MP: 1/11
  3513 | D:3      | Noticed Robin
  3519 | D:3      | Killed Robin
  3886 | D:3      | Noticed Grinder
  3887 | D:3      | Paralysed by Grinder for 4 turns
  3898 | D:3      | Killed Grinder
  3899 | D:3      | Reached skill level 5 in Spellcasting
  3899 | D:3      | Reached XP level 6. HP: 37/53 MP: 7/13
  4042 | D:3      | Found a runed translucent door.
  4043 | D:3      | Noticed Crazy Yiuf
  4290 | D:4      | Reached XP level 7. HP: 52/59 MP: 6/15
  4779 | D:4      | Reached skill level 6 in Spellcasting
  4865 | D:4      | Found Arugit's Magic Scroll Shop.
  4866 | D:4      | Found Jen Wofa's Assorted Antiques.
  4867 | D:4      | Found Mycrire's Assorted Antiques.
  5441 | D:5      | Entered Level 5 of the Dungeon
  5450 | D:5      | Learned a level 3 spell: Swiftness
  5597 | D:5      | Reached skill level 7 in Spellcasting
  5624 | D:5      | Reached XP level 8. HP: 26/67 MP: 1/18
  5852 | D:5      | Found a glowing drain.
  5873 | Sewer    | Entered a sewer
  6604 | D:5      | Reached skill level 5 in Air Magic
  6609 | D:5      | Learned a level 4 spell: Airstrike
  7227 | D:6      | Reached skill level 8 in Spellcasting
  7712 | D:6      | Found a staircase to the Ecumenical Temple.
  7854 | Temple   | Entered the Ecumenical Temple
  7863 | Temple   | Became a worshipper of Hepliaklqana the Forgotten
  8063 | D:7      | Noticed Maggie
  8200 | D:7      | Noticed Pikel
  8387 | D:7      | Noticed Menkaure
  8389 | D:7      | Noticed Joseph
  8397 | D:6      | HP: 2/67 [Menkaure (12)]
  8397 | D:6      | Mangled by a black bear

Illustrated notes

Levels and vault maps discovered:
D:1:      erik_arrival_triangle_small, layout_basic,
          chequers_ecumenical_altar_simple, ebering_dispersal_statue_hall
D:2:      layout_loops_cross, basic_altar
D:3:      layout_loops_ring, nrook_mini_vaults, uniq_robin, uniq_grinder,
          uniq_crazy_yiuf_cottage
D:4:      layout_gridville, grunt_ministairs_12, palyth_stone_intersect,
          columned_hall_lemuel, nicolae_wooded_promenade
D:5:      layout_loops_ring, cheibrodos_sewer_entry_drain
D:6:      layout_basic, minmay_temple_entry_antechambers
D:7:      layout_basic, uniq_joseph, uniq_pikel, uniq_maggie, uniq_menkaure
Temple:   nicolae_temple_no_exploring_needed

Skill      XL: |  1  2  3  4  5  6  7  8 |
---------------+-------------------------+-----
Air Magic      | 3 4 5 |  5.9
Spellcasting   | 3 4 5 7 8 |  8.5
Conjurations   | 1 3 4 |  4.0
Dodging        | |  1.7
Stealth        | |  1.4

Action                   |  1- 3 |  4- 6 |  7- 9 || total
-------------------------+-------+-------+-------++-------
Melee: Unarmed           |    15 |    11 |       ||    26
       Mace              |       |     4 |    11 ||    15
       Morningstar       |       |       |    27 ||    27
 Cast: Shock             |    66 |    97 |   138 ||   301
       Static Discharge  |       |    14 |    41 ||    55
       Airstrike         |       |       |     2 ||     2
       Swiftness         |       |       |     1 ||     1
  Use: Potion            |       |     1 |     2 ||     3
       Scroll            |       |       |    10 ||    10
 Stab: Sleeping          |       |       |     1 ||     1
Armor: Robe              |    10 |    15 |    24 ||    49
Dodge: Dodged            |    14 |    27 |    56 ||    97

Table legend: (Time is in decaauts)
 A = Elapsed time spent in this place.
 B = Non-inter-level travel time spent in this place.
 C = Inter-level travel time spent in this place.
 D = Time resting spent in this place.
 E = Time spent auto-exploring this place.
 F = Levels seen in this place.
 G = Mean time per level.
                   A        B        C        D        E       F      G
               +--------+--------+--------+--------+--------+-----+--------+
         Total |   8476 |   8286 |    190 |    643 |   6542 |   9 |  941.8 |
       Dungeon |   7729 |   7539 |    190 |    643 |   6023 |   7 | 1104.1 |
        Temple |     19 |     19 |      0 |      0 |      0 |   1 |   19.0 |
         Sewer |    726 |    726 |      0 |      0 |    519 |   1 |  726.0 |
               +--------+--------+--------+--------+--------+-----+--------+

Top non-repeatable levels by time:
     D:3: 1476 daAuts
     D:2: 1437 daAuts
     D:1: 1426 daAuts
     D:4: 1108 daAuts
     D:5: 1071 daAuts
     D:6: 845 daAuts
   Sewer: 726 daAuts
     D:7: 364 daAuts
  Temple: 19 daAuts
